 Dungeon Crawl Stone Soup version 0.29-a0-834-g1e95ca9f62 (webtiles) character file.

Game seed: 6500949154588578373

49 blackman the Ruffian (level 3, 36/36 HPs)
             Began as a Troll Monk on July 12, 2022.
             Was a Priest of Zin.
             Quit the game on level 2 of the Dungeon.
             The game lasted 00:01:41 (762 turns).

blackman the Ruffian (Troll Monk)                    Turns: 762, Time: 00:01:41

Health: 36/36      AC:  4    Str: 21    XL:     3   Next: 51%
Magic:  2/2        EV: 10    Int:  6    God:    Zin [***...]
Gold:   59         SH:  0    Dex: 12    Spells: 2/2 levels left

rFire   . . .      SeeInvis .     - Unarmed
rCold   . . .      Faith    .   (no shield)
rNeg    . . .      Spirit   .   a - +0 robe
rPois   .          Reflect  .   (helmet restricted)
rElec   .          Harm     .   (no cloak)
rCorr   .          Rampage  .   (gloves unavailable)
Will    .....                   (boots unavailable)
Stlth   ++........              (no amulet)
HPRegen 0.92/turn               (no ring)
MPRegen 0.08/turn               (no ring)

@: no status effects
A: large, unfitting armour, claws 3, regeneration 1, shaggy fur 1, tough skin 1
a: Renounce Religion, Recite, Vitalisation, Imprison, Donate Gold


You were on level 2 of the Dungeon.
You worshipped Zin.
Zin was most pleased with you.
You visited 1 branch of the dungeon, and saw 2 of its levels.

You collected 65 gold pieces.
You donated 6 gold pieces to Zin.

Inventory:

Armour
 a - a +0 robe (worn)
Jewellery
 g - a ring of protection from fire
Scrolls
 d - 3 scrolls of identify {unknown}
 h - a scroll of teleportation {unknown}
Potions
 b - a potion of ambrosia
 c - a potion of curing {unknown}
 e - 2 potions of flight {unknown}
 f - 2 potions of magic {unknown}


   Skills:
 - Level 2.4 Fighting
 - Level 2.4 Dodging
 - Level 1.0 Stealth
 + Level 4.6 Unarmed Combat


You had 2 spell levels left.
You didn't know any spells.
Your spell library was empty.

Dungeon Overview and Level Annotations

Branches:
Dungeon (2/15)

Altars:
Zin


Innate Abilities, Weirdness & Mutations

You are too large for most types of armour.
You have claws for hands.
Your natural rate of healing is unusually fast.
You are covered in fur. (AC +1)
You have tough skin. (AC +1)


Message History

No target in view!
No target in view!
No target in view!
No target in view!
No target in view!
No target in view!
d - 3 scrolls labelled YVOUWI LUUNU (gained 1)
You now have 65 gold pieces (gained 3).
Found a faded altar of an unknown god.
A quokka comes into view.
A quokka is nearby!
A quokka is nearby!
A quokka is nearby!
A quokka is nearby!
A quokka is nearby!
A quokka is nearby!
The quokka bites you but does no damage.
You scratch the quokka but do no damage.
The quokka bites you.
You miss the quokka. The quokka completely misses you.
You scratch the quokka.
You kill the quokka!
No target in view!
No target in view!
No target in view!
No target in view!
No target in view!
No target in view!
No target in view!
No target in view!
There is a faded altar of an unknown god here.
You cannot tell which god this altar belongs to.
Convert to them anyway?
Zin accepts your prayer! Zin welcomes you!
You can now recite Zin's Axioms of Law.
You can now call upon Zin for vitalisation.
You pay a tithe of 6 gold.
You can now donate money to Zin.
You can now call upon Zin to imprison the lawless.
Are you sure you want to abandon this character and quit the game? (Confirm with "yes".)

# . #.#..##.#### #
.#
...........#######
#.########.......#
#.#..8#.......#
#.#.#^#.......#
#.....#.......#
#........)..#
#.###...........#
#...@.......>...#
#####....########
#....# #....$##
#.#.#^# #8#.^8# #
#####


There were no monsters in sight!

Vanquished Creatures
  2 adders (D:2)
  A dart slug (D:1)
  6 endoplasms (D:1)
  2 giant cockroaches (D:1)
  3 goblins (D:1)
  2 hobgoblins (D:1)
  3 jackals (D:1)
  A quokka (D:2)
  A ball python (D:1)
  A bat (D:1)
  A kobold (D:1)
  3 rats (D:1)
26 creatures vanquished.

Notes
Turn   | Place    | Note
-------+----------+-------------------------------------------
     0 | D:1      | blackman the Troll Monk began the quest for the Orb.
     0 | D:1      | Reached XP level 1. HP: 22/22 MP: 0/0
   129 | D:1      | Reached XP level 2. HP: 29/29 MP: 1/1
   202 | D:1      | Reached skill level 4 in Unarmed Combat
   546 | D:1      | Reached XP level 3. HP: 36/36 MP: 2/2
   750 | D:2      | Found a faded altar of an unknown god.
   761 | D:2      | Prayed at the altar of an unknown god.
   761 | D:2      | Became a worshipper of Zin the Law-Giver
   761 | D:2      | Reached * piety under Zin
   761 | D:2      | Reached ** piety under Zin
   761 | D:2      | Reached *** piety under Zin
   762 | D:2      | Quit the game

Illustrated notes

Levels and vault maps discovered:
D:1:      zaba_arrival_water, layout_basic, minivault_19
D:2:      layout_loops_cross, shapermc_ecumenical_altar_mp_highgroup

Skill      XL: |  1  2 |
---------------+-------+-----
Unarmed Combat | 4 |  4.6
Fighting       | |  2.4
Dodging        | |  2.4
Stealth        | |  1.0

Action                   || total
-------------------------++-------
Melee: Unarmed           ||    69
       Punch             ||     2
 Stab: Sleeping          ||     1
Armor: Robe              ||    19
Dodge: Dodged            ||    27

Table legend: (Time is in decaauts)
 A = Elapsed time spent in this place.
 B = Non-inter-level travel time spent in this place.
 C = Inter-level travel time spent in this place.
 D = Time resting spent in this place.
 E = Time spent auto-exploring this place.
 F = Levels seen in this place.
 G = Mean time per level.
                   A        B        C        D        E       F      G
               +--------+--------+--------+--------+--------+-----+--------+
         Total |    762 |    749 |     13 |      0 |    577 |   2 |  381.0 |
       Dungeon |    762 |    749 |     13 |      0 |    577 |   2 |  381.0 |
               +--------+--------+--------+--------+--------+-----+--------+

Top non-repeatable levels by time:
     D:1: 600 daAuts
     D:2: 162 daAuts
